AoeStats
← mylove__

African Clearing

505694977Analyzed
4v4 RM · 21d ago on Sep 10, 2026· 40m 54s· 8 players
Game mode
Random Map
Map size
Large (8 player)
Population
200
Speed
Normal
Resources
Standard
Victory
Conquest
Starting age
Dark Age
Ending age
Imperial Age
RankedLock teamsTeams togetherTeam positionsShared explorationLock speedFull tech treeHidden civsTurbo modeCheats
Victory
Defeat
🇩🇪 Byzantines · Germany
1394
+14
🇬🇧 Persians · United Kingdom
1390
+14
🇦🇷 Hindustanis · Argentina
1338
+16
🇷🇸 Japanese · Serbia
1316
+17
🇹🇷 Burmese · Türkiye
1404
-17
🇮🇳 Lithuanians · India
1400
-17
🇨🇴 Celts · Colombia
1393
-17
🇪🇸 Khmer · Spain
1204
-10
felixaleman1010
10:17 Loom
12:52 Feudal Age
14:11 Double-Bit Axe
18:01 Castle Age
16:47 Forging
18:43 Bloodlines
18:39 Scale Barding Armor
24:38 Fletching
26:53 Padded Archer Armor
30:09 Bodkin Arrow
32:11 Scale Mail Armor
35:15 Husbandry
35:39 Chain Barding Armor
36:52 Thumb Ring
36:55 Grand Trunk Road
40:32 Imperial Age
38:36 Leather Archer Armor
38:57 Iron Casting
39:55 Chain Mail Armor
40:46 Heavy Camel Rider
42:04 Plate Barding Armor
42:29 Blast Furnace
milesburkley
9:56 Loom
13:15 Feudal Age
19:16 Castle Age
17:20 Double-Bit Axe
18:20 Horse Collar
21:47 Bow Saw
21:58 Heavy Plow
24:21 Scale Barding Armor
26:30 Bloodlines
26:57 Husbandry
31:00 Chain Barding Armor
33:00 Town Watch
33:51 Wheelbarrow
35:01 Forging
37:32 Imperial Age
36:25 Ballistics
35:55 Fletching
36:41 Iron Casting
37:51 Town Patrol
37:46 Cavalier
39:06 Plate Barding Armor
39:49 Blast Furnace
rikardo_latino
3:20 Loom
14:39 Feudal Age
16:01 Wheelbarrow
20:09 Castle Age
22:10 Scale Barding Armor
22:08 Light Cavalry
28:06 Husbandry
28:54 Forging
29:45 Chain Barding Armor
32:45 Gold Mining
32:48 Horse Collar
35:45 Imperial Age
34:54 Stone Mining
35:40 Gold Shaft Mining
35:21 Double-Bit Axe
37:03 Iron Casting
36:29 Scale Mail Armor
37:52 Hand Cart
38:53 Conscription
40:00 Logistica
42:08 Plate Barding Armor
The Wulf
3:09 Loom
12:03 Feudal Age
12:46 Double-Bit Axe
14:50 Fletching
19:51 Horse Collar
24:44 Castle Age
24:49 Crossbowman
25:32 Bodkin Arrow
26:13 Thumb Ring
26:09 Padded Archer Armor
26:28 Heavy Plow
28:13 Leather Archer Armor
30:16 Ballistics
30:12 Bow Saw
35:32 Gold Mining
36:27 Husbandry
36:37 Bloodlines
38:00 Wheelbarrow
39:22 Hand Cart
44:00 Imperial Age
Pug Carlino
10:55 Loom
15:03 Feudal Age
16:23 Double-Bit Axe
18:43 Castle Age
17:22 Horse Collar
18:04 Fletching
19:48 Bodkin Arrow
20:13 Town Watch
27:21 Ballistics
27:31 Bow Saw
28:05 Loom
31:27 Stronghold
35:05 Scale Mail Armor
36:35 Chain Mail Armor
36:51 Forging
36:35 Gold Mining
38:50 Iron Casting
Mezsar
12:31 Feudal Age
12:52 Loom
19:24 Castle Age
19:51 Scale Barding Armor
Camagroc
13:19 Loom
15:05 Feudal Age
20:44 Bloodlines
24:17 Castle Age
22:59 Horse Collar
23:09 Double-Bit Axe
25:59 Wheelbarrow
27:36 Husbandry
28:27 Town Watch
28:56 Scale Barding Armor
32:05 Fletching
33:06 Hand Cart
33:49 Bow Saw
34:26 Bodkin Arrow
35:49 Ballistics
36:34 Murder Holes
mylove__
11:08 Loom
13:28 Feudal Age
18:43 Castle Age
23:52 Horse Collar
25:47 Padded Archer Armor
26:06 Fishing Lines
28:46 Bloodlines
28:36 Husbandry
28:48 Forging
29:25 Fletching
30:47 Heavy Plow
35:00 Imperial Age
32:50 Gillnets
33:24 Gold Mining
35:13 Elite Arambai
37:02 Scale Barding Armor
37:33 Iron Casting
37:20 Conscription
37:57 Ballistics
40:06 Chemistry
39:40 Bodkin Arrow
Connection lost

Rejoining the realm…

Still unreachable

The connection could not be restored.

Session expired

The server has moved on; the page needs a fresh start.